 Dungeon Crawl Stone Soup version 0.31-a0-16-g6d2539766c (webtiles) character file.

Game seed: 1134198533016633045

20 ytrimaz the Insei (level 2, 18/18 HPs)
             Began as an Octopode Transmuter on May 8, 2023.
             Quit the game on level 1 of the Dungeon.
             The game lasted 00:01:17 (655 turns).

ytrimaz the Insei (Octopode Transmuter)              Turns: 655, Time: 00:01:18

Health: 18/18      AC:  1    Str:  9    XL:     2   Next: 79%
Magic:  5/5        EV: 13    Int: 15    God:
Gold:   62         SH:  0    Dex: 12    Spells: 4/5 levels left

rFire   . .          .
                       - Unarmed
rCold   . . .        (no shield)
rNeg    . . .        (helmet restricted)
rPois   .            (no amulet)
rElec   .            (no ring)
rCorr   .            (no ring)
SInv    .            (no ring)
Will    .....        (no ring)
Stlth   ++           (no ring)
HPRegen 0.23/turn    (no ring)
MPRegen 0.09/turn    (no ring)
                     (no ring)

%: no passive effects
@: no status effects
A: almost no armour, amphibious, 8 rings, camouflage 1, gelatinous body 1,
(nimble swimmer 1), tentacles
a: no special abilities


You were on level 1 of the Dungeon.
You visited 1 branch of the dungeon, and saw 1 of its levels.

You collected 62 gold pieces.


Innate Abilities, Weirdness & Mutations

You cannot wear most types of armour.
You are amphibious.
You can wear up to eight rings at the same time.
Your skin changes colour to match your surroundings (Stealth+).
Your rubbery body absorbs attacks. (AC +1, EV +1)
((You are camouflaged when in or above water. (Stealth+)))
You have tentacles for arms and can constrict up to eight enemies at once.


   Skills:
 - Level 1.0 Fighting
 - Level 2.0 Dodging
 - Level 3.0 Unarmed Combat
 + Level 2.2 Spellcasting
 + Level 2.3 Transmutations
 * Level 2.0 Poison Magic


You had 4 spell levels left.
You knew the following spells:

 Your Spells              Type           Power      Damage    Failure   Level
a - Beastly Appendage     Tmut           16%        N/A       9%          1

Your spell library contained the following spells:

 Spells                   Type           Power      Damage    Failure   Level
 Wereblood                Tmut           8%         N/A       13%         2
 Spider Form              Tmut/Pois      8%         N/A       26%         3
 Static Discharge         Conj/Air       2%         2-3/arc   32%         2
 Vhi's Electric Charge    Tloc/Air       2%         N/A       54%         3
 Ice Form                 Ice/Tmut       5%         N/A       80%         4
 Airstrike                Air            0%         2d(1-17)  91%         4
 Summon Lightning Spire   Summ/Air       1%         N/A       91%         4
 Arcjolt                  Conj/Air       0%         1d10      99%         5
 Maxwell's Capacitive Co  Air            0%         ∞         100%        8

Inventory:

Jewellery
 c - a +6 ring of dexterity
   (You found it on level 1 of the Dungeon)
Scrolls
 b - a scroll of identify {unknown}
Potions
 a - a potion of lignification
 d - a potion of haste {unknown}

Dungeon Overview and Level Annotations

Branches:
Dungeon (1/15) Zot: 5346

Altars:

.##............#..###.#
#)#..
.##.######.....#..# .#
###.#..
.##.#..........#..# .
..#.#..
###.#.########.#..# ##
#.#....
...............#..###.#
#.###.#
######.#######........#
#.# #.#
.####...####..........#
#.###.#
)..#..~..#.....#.#.#..#
#.....#
.~....~....~..8#@..#
#.###.#
..~..~~~..~...####.#
...###.# ...~~~~~~~....
.# #####....
.~~~~...~~~~..
...#######.#.#
~~~~..<..~~~~~
...........#..
.~~~~...~~~~..
#######.#.###
...~~~~~~~.... ####...#
..~..~~~..~...
##....###
.~....~....~..
###...#.#


There were no monsters in sight!


Message History

You tentacle-slap the jackal but do no damage.
Your grab misses the jackal. The jackal bites you. 😕 HP[-1]
You take 1 damage, and now have 15/18 hp.
You tentacle-slap the jackal. Your grab misses the jackal.
The jackal bites you. x2
* * * LOW HITPOINT WARNING * * *
😨 HP[-6]
You take 6 damage, and now have 9/18 hp.
MASSIVE DAMAGE!! (PAUSE)
You miss the jackal. You grab the jackal.
You constrict the jackal, but do no damage.
The jackal barely misses you. 😮 HP[+1]
You tentacle-slap the jackal.
You kill the jackal!
Things that are here:
a jackal corpse; a jackal corpse Unknown command.
Things that are here:
a jackal corpse; a jackal corpse You now have 52 gold pieces (gained 13).
Things that are here:
a jackal corpse; a jackal corpse Key pressed, stopping explore.
Key pressed, stopping explore.
A ball python comes into view.
You see here 10 gold pieces. 😎 HP[+8]
Your hp is fully restored (18).
A ball python is nearby!
A ball python is nearby!
A ball python is nearby!
One of your tentacles grows a vicious spike. 😎 MP[-1]
You lost 1 mp, and now have 4/5 mp.
The ball python bites you but does no damage.
The ball python closely misses you.
The ball python bites you but does no damage.
The ball python closely misses you.
You tentacle-slap the ball python. You grab the ball python.
You pierce the ball python.
You kill the ball python!
No target in view!
No target in view!
You see here a ball python corpse.
Your transformation is almost over.
d - a murky ruby potion 😎 MP[+1]
Your mp is fully restored (5).
You see here a ball python corpse.
Your tentacle spike disappears.
You now have 62 gold pieces (gained 10).
You see here a ball python corpse.
An endoplasm comes into view.
An endoplasm is nearby!
Unknown command.
One of your tentacles grows a vicious spike. 😎 MP[-1]
You lost 1 mp, and now have 4/5 mp.
The helpless endoplasm fails to defend itself.
You tentacle-slap the endoplasm.
You pierce the endoplasm.
You kill the endoplasm!
No target in view!
No target in view!
Your transformation is almost over.
Your tentacle spike disappears.
A bat comes into view. 😎 MP[+1]
Your mp is fully restored (5).
A bat is nearby!
One of your tentacles grows a vicious spike.
Your transformation is almost over. 😎 MP[-1]
You lost 1 mp, and now have 4/5 mp.
You extend your transformation's duration. 😎 MP[-1]
You lost 1 mp, and now have 3/5 mp.
Unknown command.
The bat completely misses you. The bat misses you.
Unknown command.
The bat hits you but does no damage.
You tentacle-slap the bat.
You kill the bat!
Your Poison Magic skill increases to level 2!
No target in view!
No target in view!
Okay, then.
Your transformation is almost over.
Your tentacle spike disappears.
You see here a bat corpse.
Key pressed, stopping explore.
You enter the shallow water.
You enter the shallow water.
You pick up a book of Storms and begin reading...
You add the spells Static Discharge, Airstrike and Summon Lightning Spire to your library. 😎 MP[+2]
Your mp is fully restored (5).
Are you sure you want to abandon this character and quit the game? (Confirm with "yes".)

Skill      XL: |  1  2 |
---------------+-------+-----
Poison Magic   | 1 2 |  2.0
Fighting       | |  1.0
Dodging        | |  2.0
Unarmed Combat | |  3.0
Spellcasting   | |  2.2
Transmutations | |  2.3

Action                     || total
---------------------------++-------
  Melee: Unarmed           ||    39
         Constrict         ||    14
         Kick              ||     9
         Tentacles         ||     5
         Punch             ||     1
   Cast: Beastly Appendage ||    15
   Stab: Sleeping          ||     4
 Armour: Skin              ||     3
  Dodge: Dodged            ||    31

Levels and vault maps discovered:
D:1:      eino_arrival_water_star, layout_basic, serial_shops, shop, st_stairs_6

Notes
Turn   | Place    | Note
-------+----------+-------------------------------------------
     0 | D:1      | ytrimaz the Octopode Transmuter began the quest for the
                  | Orb.
     0 | D:1      | Reached XP level 1. HP: 13/13 MP: 3/3
     0 | D:1      | magus.rc [v1.9.6]
    69 | D:1      | You add the spells Vhi's Electric Charge, Arcjolt and
                  | Maxwell's Capacitive Coupling to your library.
   170 | D:1      | Reached skill level 1 in Poison Magic
   198 | D:1      | Reached XP level 2. HP: 18/18 MP: 5/5
   572 | D:1      | Reached skill level 2 in Poison Magic
   654 | D:1      | You pick up a book of Storms and begin reading...
   654 | D:1      | You add the spells Static Discharge, Airstrike and Summon
                  | Lightning Spire to your library.
   655 | D:1      | Quit the game

Vanquished Creatures
  A dart slug (D:1)
  An endoplasm (D:1)
  2 goblins (D:1)
  2 hobgoblins (D:1)
  2 jackals (D:1)
  4 ball pythons (D:1)
  2 bats (D:1)
  A kobold (D:1)
  2 rats (D:1)
17 creatures vanquished.

Table legend:
 A = Non-vault XP
 B = Vault XP
 C = Vault XP percentage of total XP
 D = Non-vault monster count
 E = Vault monster count
 F = Vault count percentage of total count
                 A         B        C        D         E       F
            +---------+---------+-------+---------+---------+-------
      Total |      29 |       0 |   0.0 |      17 |       0 |   0.0
            +---------+---------+-------+---------+---------+-------
        D:1 |      29 |       0 |   0.0 |      17 |       0 |   0.0
            +---------+---------+-------+---------+---------+-------

Skill      XL: |  1  2 |
---------------+-------+-----
Poison Magic   | 1 2 |  2.0
Fighting       | |  1.0
Dodging        | |  2.0
Unarmed Combat | |  3.0
Spellcasting   | |  2.2
Transmutations | |  2.3

Action                     || total
---------------------------++-------
  Melee: Unarmed           ||    39
         Constrict         ||    14
         Kick              ||     9
         Tentacles         ||     5
         Punch             ||     1
   Cast: Beastly Appendage ||    15
   Stab: Sleeping          ||     4
 Armour: Skin              ||     3
  Dodge: Dodged            ||    31

Illustrated notes

Table legend:
 A = Kills in this place as a percentage of kills in the entire game.
 B = Kills by you in this place as a percentage of kills by you in the entire game.
 C = Kills by friends in this place as a percentage of kills by friends in the entire game.
 D = Other kills in this place as a percentage of other kills in the entire game.
 E = Experience gained in this place as a percentage of experience gained in the entire game.
 F = Experience gained in this place divided by the number of levels of this place that you have seen.
                   A       B       C       D       E      F
               +-------+-------+-------+-------+-------+----------------------
         Total | 100.0 | 100.0 |   N/A |   N/A | 100.0 |  29.0
       Dungeon | 100.0 | 100.0 |   N/A |   N/A | 100.0 |  29.0
               +-------+-------+-------+-------+-------+----------------------

Table legend: (Time is in decaauts)
 A = Elapsed time spent in this place.
 B = Non-inter-level travel time spent in this place.
 C = Inter-level travel time spent in this place.
 D = Time resting spent in this place.
 E = Time spent auto-exploring this place.
 F = Levels seen in this place.
 G = Mean time per level.
                   A        B        C        D        E       F      G
               +--------+--------+--------+--------+--------+-----+--------+
         Total |    653 |    653 |      0 |      0 |    492 |   1 |  653.0 |
       Dungeon |    653 |    653 |      0 |      0 |    492 |   1 |  653.0 |
               +--------+--------+--------+--------+--------+-----+--------+

Top non-repeatable levels by time:
     D:1: 653 daAuts
